 Dungeon Crawl Stone Soup version 0.26-a0-540-g8a0c9464d7 (webtiles) character file.

Game seed: 13042026956156273246

35 kae the Sneak (level 3, -2/29 HPs)
             Began as a Demonspawn Delver on Aug 24, 2020.
             Killed from afar by a white imp (3 damage)
             ... with a puff of frost
             ... on level 5 of the Dungeon.
             The game lasted 00:00:29 (384 turns).

kae the Sneak (Demonspawn Delver)                    Turns: 384, Time: 00:00:30

Health: -2/29      AC:  3    Str: 13    XL:     3   Next: 16%
Magic:  3/3        EV: 12    Int: 11    God:
Gold:   32         SH:  0    Dex: 14    Spells: 2/2 levels left

rFire    . . .     SeeInvis .     - Unarmed
rCold    . . .     Faith    .   (no shield)
rNeg     . . .     Spirit   .   a - +0 leather armour
rPois    .         Reflect  .   (no helmet)
rElec    .         Harm     .   (no cloak)
rCorr    .                      (no gloves)
MR       .....                  (no boots)
Stlth    +++.......             (no amulet)
HPRegen  0.09/turn              (no ring)
MPRegen  0.08/turn              (no ring)

@: lethally poisoned (-2 -> -5), hasted, very quick
A: claws 1
a: no special abilities


You were on level 5 of the Dungeon.
You visited 1 branch of the dungeon, and saw 1 of its levels.

You collected 32 gold pieces.

Inventory:

Armour
 a - a +0 leather armour (worn)
Wands
 f - a wand of digging (3)
Scrolls
 b - a scroll of fog
 c - a scroll of magic mapping
 d - a scroll of fear


   Skills:
 + Level 3.3 Fighting
 - Level 2.1 Dodging
 - Level 4.7 Stealth
 * Level 2.3 Unarmed Combat


You had 2 spell levels left.
You didn't know any spells.
Your spell library was empty.

Dungeon Overview and Level Annotations

Branches:
Dungeon (5/15)
 Temple: D:4-7

Altars:


Innate Abilities, Weirdness & Mutations

You have sharp fingernails.


Message History

The white imp is heavily wounded.
A worker ant comes into view.
The white imp barely misses you.
You feel yourself speed up.
You feel sick. The white imp gestures at you. The puff of frost hits you.
* * * LOW HITPOINT WARNING * * *
You barely miss the white imp.
The white imp is heavily wounded.
You closely miss the white imp.
The white imp is heavily wounded.
The white imp misses you.
You scratch the white imp but do no damage.
The white imp is heavily wounded.
The white imp misses you.
You barely miss the white imp.
The white imp is heavily wounded.
The white imp gestures at you. The puff of frost hits you.
You die...

#.#.# #...........
#.#.###.#.....###.
#.#####)##.##.##........
#............#...#####
.#####>####..)#..# #.#
#####..# #.# #..# #.#
####..# .$######@#
#.....# ......5..#
#.##..# #.########
#.##.## #.##.# #.##.#
#.##.# #.##.# #.##.#
#.(..#######


You could see a white imp.

Vanquished Creatures
  A hound zombie (D:5)
  2 adders (D:5)
  An orc (D:5)
4 creatures vanquished.

Notes
Turn   | Place    | Note
-------+----------+-------------------------------------------
     0 | D:5      | kae the Demonspawn Delver began the quest for the Orb.
     0 | D:5      | Reached XP level 1. HP: 18/18 MP: 1/1
    27 | D:5      | Gained mutation: You have sharp fingernails. [demonic
                  | ancestry]
    27 | D:5      | Reached XP level 2. HP: 8/24 MP: 2/2
   376 | D:5      | Reached XP level 3. HP: 13/29 MP: 3/3
   379 | D:5      | HP: 1/29 [white imp/puff of frost (3)]
   384 | D:5      | Killed from afar by a white imp

Illustrated notes

Levels and vault maps discovered:
D:5:      layout_loops_ring, corner_web_ring, nicolae_dithmenos_the_darkroom,
          uniq_sigmund

Skill      XL: |  1 |
---------------+----+-----
Dodging        | 2 |  2.1
Unarmed Combat | 2 |  2.3
Fighting       | |  3.3
Stealth        | |  4.7

Action                   || total
-------------------------++-------
Melee: Unarmed           ||    66
       Punch             ||     1
  Use: Potion            ||     1
Armor: Leather armour    ||    10
Dodge: Dodged            ||    48

Table legend: (Time is in decaauts)
 A = Elapsed time spent in this place.
 B = Non-inter-level travel time spent in this place.
 C = Inter-level travel time spent in this place.
 D = Time resting spent in this place.
 E = Time spent auto-exploring this place.
 F = Levels seen in this place.
 G = Mean time per level.
                   A        B        C        D        E       F      G
               +--------+--------+--------+--------+--------+-----+--------+
         Total |    379 |    379 |      0 |    209 |     88 |   1 |  379.0 |
       Dungeon |    379 |    379 |      0 |    209 |     88 |   1 |  379.0 |
               +--------+--------+--------+--------+--------+-----+--------+

Top non-repeatable levels by time:
     D:5: 379 daAuts
